 Dungeon Crawl Stone Soup version 0.32-a0-18-g89e19f1974 (webtiles) character file.

Game seed: 8104766762849300495

53 mightbedylan the Sneak (level 3, 0/16 HPs)
             Began as a Spriggan Enchanter on Jan 16, 2024.
             Slain by an adder (4 damage)
             ... on level 2 of the Dungeon.
             The game lasted 00:17:28 (1755 turns).

mightbedylan the Sneak (Spriggan Enchanter)         Turns: 1755, Time: 00:17:28

Health: 0/16       AC:  2    Str:  4    XL:     3   Next: 64%
Magic:  3/8        EV: 17    Int: 18    God:
Gold:   125        SH:  5    Dex: 15    Spells: 3/8 levels left

rFire   . . .        a - +1 dagger
rCold   . . .        (no shield)
rNeg    + . .        b - +0 robe
rPois   .            (helmet restricted)
rElec   .            (no cloak)
rCorr   .            (gloves unavailable)
SInv    +            (boots unavailable)
Will    .....        l - amulet of reflection
Stlth   +++          j - ring of positive energy
HPRegen 0.22/turn    (no ring)
MPRegen 0.11/turn

%: reflection
@: very quick
A: very small, no large weapons, unfitting armour, see invisible, speed 3
a: no special abilities


You were on level 2 of the Dungeon.
You visited 1 branch of the dungeon, and saw 3 of its levels.

You collected 125 gold pieces.

Inventory:

Hand Weapons
 a - a +1 dagger (weapon)
Armour
 b - a +0 robe (worn)
 i - an orb of light
Jewellery
 j - a ring of positive energy (left hand)
 l - an amulet of reflection (around neck)
Wands
 g - a wand of charming (11)
Scrolls
 d - a scroll of blinking {unknown}
 e - 3 scrolls of noise
 f - a scroll of teleportation
 h - 2 scrolls of vulnerability
Potions
 c - 2 potions of invisibility
 k - a potion of heal wounds


   Skills:
 + Level 1.8 Short Blades
 + Level 3.3 Dodging
 + Level 5.0 Stealth
 + Level 3.2 Spellcasting
 + Level 4.1 Hexes
 + Level 0.3 Ice Magic


You had 3 spell levels left.
You knew the following spells:

 Your Spells              Type           Power      Damage    Failure   Level
a - Ensorcelled Hibernat  Hex/Ice        20%        N/A       10%         2
b - Tukima's Dance        Hex            17%        N/A       9%          3

Your spell library contained the following spells:

 Spells                   Type           Power      Damage    Failure   Level
 Confusing Touch          Hex            17%        N/A       9%          3
 Dazzling Flash           Conj/Hex       20%        N/A       21%         3
 Ozocubu's Armour         Ice            4%         N/A       38%         3
 Metabolic Englaciation   Hex/Ice        5%         N/A       87%         5
 Sculpt Simulacrum        Ice/Alch       1%         N/A       100%        6


Dungeon Overview and Level Annotations

Branches:
Dungeon (3/15)

Altars:
Gozag

Shops:
D:2 ((:


Innate Abilities, Weirdness & Mutations

You are very small and have problems with some larger weapons.
You are too small for most types of armour.
You have supernaturally acute eyesight. (SInv)
You cover ground extremely quickly. (Speed+++)


Message History

Casting: Tukima's Dance (extremely dangerous; 9% risk of failure)
Confirm with . or Enter, or press ? or * to list all spells.
Aiming: Ensorcelled Hibernation (safe; 10% risk of failure)
Press: ? - help, Shift-Dir - straight line, f - adder
Aim: an adder (chance to affect: 52%)
The adder resists with significant effort.
The goblin shoots a sling bullet.
The sling bullet completely misses you.
Casting: Ensorcelled Hibernation (safe; 10% risk of failure)
Confirm with . or Enter, or press ? or * to list all spells.
Aiming: Ensorcelled Hibernation (safe; 10% risk of failure)
Press: ? - help, Shift-Dir - straight line, f/p - adder
Aim: an adder (chance to affect: 52%)
The adder resists with significant effort.
The adder barely misses you. The adder closely misses you.
Casting: Ensorcelled Hibernation (safe; 10% risk of failure)
Confirm with . or Enter, or press ? or * to list all spells.
Aiming: Ensorcelled Hibernation (safe; 10% risk of failure)
Press: ? - help, Shift-Dir - straight line, f/p - adder
Aim: an adder (chance to affect: 52%)
The adder resists with significant effort.
The goblin shoots a sling bullet.
The sling bullet hits you. The adder bites you.
You are poisoned.
The adder poisons you!
You feel sick. You block the adder's attack.
You feel sick.
The goblin shoots a sling bullet.
You block the sling bullet with an invisible shield... and reflect it back!
The sling bullet barely misses the goblin.
You feel sick.
There is a stone staircase leading up here.
You feel sick.
You are no longer poisoned.
The adder misses you.
You climb upwards.
There is a stone staircase leading down here.
You barely miss the adder. The adder bites you.
* * * LOW HITPOINT WARNING * * *
You miss the adder. The adder bites you.
You die...

...#..#...# ###..##.##...##
####..###.# #....##.##.<.# # #..#
#.######.#.###.##...#
#..###........#.# #.##...#
#............##.# #.##...##
#............##.# #.##....## #
#............##.# #.##.#...###
#..##########S..# #.##.#....#.
#..# #@### #.#.....#.#. ####..###
#####.#####.#.#.#.#.#. ........#
#........##.#.#.#.#... ........#
#........##...#.#.##..
........####...)....###..#.#..###
...<........###.....# #....##.##.
........##..#÷#.....# #...###.##.
........###.###.....# #...###)##.
........#÷#.........# #.#..##.##.


You could see an adder.

Vanquished Creatures
  An adder (D:2)
  A dart slug (D:1)
  4 ball pythons (D:2)
  9 endoplasms
  2 giant cockroaches
  5 goblins
  2 hobgoblins (D:1)
  2 kobolds
  3 bats
  3 frilled lizards
  8 rats
40 creatures vanquished.

Notes
Turn   | Place    | Note
-------+----------+-------------------------------------------
     0 | D:1      | mightbedylan the Spriggan Enchanter began the quest for the
                  | Orb.
     0 | D:1      | Reached XP level 1. HP: 9/9 MP: 5/5
   118 | D:1      | Reached XP level 2. HP: 9/13 MP: 6/6
   846 | D:2      | Found Nosisoak's Assorted Antiques.
   849 | D:2      | Identified a scroll of acquirement
   874 | D:2      | Learned a level 2 spell: Ensorcelled Hibernation
   886 | D:2      | Acquired a book of Winter
   922 | D:2      | Reached XP level 3. HP: 16/16 MP: 8/8
   993 | D:2      | Found Eniach's Book Boutique.
  1002 | D:2      | Found an opulent altar of Gozag.
  1199 | D:2      | Found Qyqe's Antique Weapon Shop.
  1320 | D:2      | Reached skill level 5 in Stealth
  1435 | D:2      | Learned a level 3 spell: Tukima's Dance
  1505 | D:2      | Found Rocuech's Antique Weapon Shoppe.
  1755 | D:2      | Slain by an adder

Illustrated notes

Levels and vault maps discovered:
D:1:      onia_arrival_pentagram, layout_loops_ring, minmay_tree_intersection,
          grunt_decor_arrowhead, hangedman_glass_teeth, corexii_leaking_fountain
D:2:      layout_rooms, serial_shops, nicolae_shop_overgrown_old_shop,
          shop_statue, nicolae_shop_gibbet_a_chance,
          nicolae_shop_pleasant_corner_grove, basic_altar
D:3:      layout_loops_ring, serial_shops, nicolae_shop_stone

Skill      XL: |  1  2  3 |
---------------+----------+-----
Dodging        | 3 |  3.3
Spellcasting   | 3 |  3.2
Hexes          | 4 |  4.1
Stealth        | 5 |  5.0
Short Blades   | |  1.8
Ice Magic      | |  0.3

Action                     || total
---------------------------++-------
  Melee: Dagger            ||   120
   Cast: Ensorcelled Hiber ||    23
    Use: Scroll            ||     5
         Potion            ||     3
   Stab: Sleeping          ||    17
 Armour: Robe              ||    30
  Dodge: Dodged            ||    66
  Block: Other             ||     2
         Reflection        ||     1

Table legend: (Time is in decaauts)
 A = Elapsed time spent in this place.
 B = Non-inter-level travel time spent in this place.
 C = Inter-level travel time spent in this place.
 D = Time resting spent in this place.
 E = Time spent auto-exploring this place.
 F = Levels seen in this place.
 G = Mean time per level.
                   A        B        C        D        E       F      G
               +--------+--------+--------+--------+--------+-----+--------+
         Total |   1305 |   1261 |     44 |      0 |    892 |   3 |  435.0 |
       Dungeon |   1305 |   1261 |     44 |      0 |    892 |   3 |  435.0 |
               +--------+--------+--------+--------+--------+-----+--------+

Top non-repeatable levels by time:
     D:2: 717 daAuts
     D:1: 570 daAuts
     D:3: 17 daAuts
